Predators vs Lightning

Created - November-29-13 at 18:48

Goals
1 2 3 T
Predators 2 0 1 3
Lightning 3 2 2 7
Shots
1 2 3 T
Predators 17 12 11 40
Lightning 13 13 13 39

1st period

1. Predators , Cody Franson 2 (Patric Hornqvist, Steven Stamkos) at 1:18 (PP)
2. Predators , Wayne Simmonds 9 (Steven Stamkos, Max Pacioretty) at 3:25
3. Lightning , Patrick Kane 20 (Teddy Purcell, Brent Seabrook) at 6:08
4. Lightning , Patrick Kane 21 (Luca Sbisa, Martin St. Louis) at 7:47
5. Lightning , Eric Fehr 11 (Teemu Selanne, Luca Sbisa) at 13:48 (PP)

Penalties :
Luca Sbisa (TBL) for Hooking (Minor) at 0:59, Tyson Strachan (TBL) for Hooking (Minor) at 4:16, Brandon Prust (NSH) for Interference (Minor) at 4:16, Mike Knuble (TBL) for High sticking (Minor) at 9:25, Roman Polak (NSH) for Hooking (Minor) at 12:32, Roman Polak (NSH) for Tripping (Minor) at 15:11, Tyson Strachan (TBL) for Tripping (Minor) at 17:12

2nd period

6. Lightning , Martin St. Louis 18 (Patrick Kane, Matt Frattin) at 11:15
7. Lightning , Patrick Kane 22 (Martin St. Louis, Brent Seabrook) at 13:35

Penalties :
Ben Eager (NSH) for Roughing (Minor) at 2:41, Teddy Purcell (TBL) for Hooking (Minor) at 14:16, Roman Polak (NSH) for Hooking (Minor) at 14:16, Ben Eager (NSH) for Boarding (Minor) at 17:14

3rd period

8. Lightning , Teddy Purcell 12 (Andrej Sekera, Luca Sbisa) at 1:11
9. Lightning , Teddy Purcell 13 (Andrej Sekera, Eric Fehr) at 12:43 (PP)
10. Predators , Tuomo Ruutu 7 (T.J. Oshie, Roman Polak) at 18:47

Penalties :
Brooks Laich (TBL) for Holding (Minor) at 4:53, Zbynek Michalek (NSH) for Holding (Minor) at 4:53, John Erskine (TBL) for Cross-checking (Minor) at 7:39, Brandon Prust (NSH) for Slashing (Minor) at 11:19, Wayne Simmonds (NSH) for Hooking (Minor) at 19:33

Goalie Stats

Dan Ellis (NSH), 13 saves from 15 shots - (0.867), 26:25 minutes
Pekka Rinne (NSH), 19 saves from 24 shots - (0.792), L, 12-8-1, 33:35 minutes
Jaroslav Halak (TBL), 37 saves from 40 shots - (0.925), W, 13-9-0, 60:00 minutes

Players Stats for Predators

Player Name              G  A  P  +/- PIM S  H  SB GA TA FO     MP     PP MP  PK MP  
------------------------------------------------------------------------------------
Ben Eager                0  0  0   0  4   0  0  0  0  0  0/0     4:17   0:00   0:00 
Brandon Prust            0  0  0   1  4   1  2  0  0  0  0/1    17:41   3:13   5:07 
Brian Strait             0  0  0   0  0   0  0  2  0  0  0/0     7:24   0:14   5:17 
Cody Franson             1  0  1   0  0   3  0  0  0  0  0/0    17:35   2:56   0:00 
Jeff Petry               0  0  0  -3  0   2  2  1  0  0  0/0    22:24   3:20   0:44 
Jordan Leopold           0  0  0   0  0   0  0  1  0  0  0/0    15:28   0:00   3:46 
Jordan Nolan             0  0  0   0  0   0  0  0  0  0  2/6     5:08   0:22   0:27 
Marian Gaborik           0  0  0  -5  0   3  0  1  0  0  0/2    19:35   3:03   0:08 
Max Pacioretty           0  1  1   1  0   7  0  0  0  0  1/1    20:59   3:13   0:00 
Nicklas Backstrom        0  0  0  -4  0   10 0  0  0  0  12/27  17:24   3:13   0:00 
Patric Hornqvist         0  1  1  -4  0   0  2  0  0  0  1/1    16:36   2:42   1:35 
Roman Polak              0  1  1   0  6   0  2  1  0  0  0/0    14:22   0:00   2:43 
Shea Weber               0  0  0  -3  0   3  4  0  0  0  0/0    20:46   3:20   0:00 
Steven Stamkos           0  2  2   0  0   4  2  0  0  0  31/46  27:32   2:51   6:45 
T.J. Oshie               0  1  1   1  0   4  0  0  0  0  0/0     9:23   0:00   0:00 
Tuomo Ruutu              1  0  1   1  0   1  1  0  0  0  8/17   16:20   2:53   4:04 
Wayne Simmonds           1  0  1   1  2   2  1  0  0  0  0/1    12:42   0:00   0:00 
Zbynek Michalek          0  0  0   0  2   0  1  6  0  0  0/0    19:15   0:00   5:36 

Players Stats for Lightning

Player Name              G  A  P  +/- PIM S  H  SB GA TA FO     MP     PP MP  PK MP  
------------------------------------------------------------------------------------
Andrej Meszaros          0  0  0   1  0   0  0  1  0  0  0/0    17:23   3:20   0:15 
Andrej Sekera            0  2  2   1  0   2  0  6  0  0  0/0    24:20   4:33   2:22 
Brent Seabrook           0  2  2   2  0   2  2  1  0  0  0/0    25:24   4:30   3:54 
Brooks Laich             0  0  0   0  2   0  2  0  0  0  1/2    11:44   0:00   0:19 
David Van Der Gulik      0  0  0   0  0   0  0  0  0  0  0/0     4:03   0:44   0:10 
Eric Fehr                1  1  2   0  0   2  2  1  0  0  11/25  19:03   4:43   0:00 
Erik Gudbranson          0  0  0   0  0   0  0  0  0  0  0/0     0:46   0:44   0:00 
John Erskine             0  0  0   0  2   0  1  0  0  0  0/0     4:32   0:00   0:00 
Luca Sbisa               0  3  3   1  2   2  5  3  0  0  0/0    20:06   4:59   2:16 
Martin St. Louis         1  2  3   2  0   9  1  0  0  0  4/9    22:16   4:20   2:16 
Matt Frattin             0  1  1   2  0   1  2  0  0  0  14/26  19:34   3:22   0:00 
Mike Knuble              0  0  0   0  2   1  0  0  0  0  2/2    11:17   0:00   0:00 
Nick Spaling             0  0  0   0  0   4  1  0  0  0  3/11   11:18   0:00   0:00 
Patrick Kane             3  1  4   3  0   7  0  0  0  0  0/2    23:38   4:20   2:07 
Teddy Purcell            2  1  3   1  2   7  0  0  0  0  3/6    21:56   4:43   3:50 
Teemu Selanne            0  1  1   0  0   2  4  1  0  0  9/19   22:55   4:57   3:50 
Tim Gleason              0  0  0   1  0   0  0  0  0  0  0/0    17:16   0:00   3:45 
Tyson Strachan           0  0  0   0  4   0  0  0  0  0  0/0    10:09   0:00   0:00 

3 Stars

1 - Patrick Kane (TBL)
2 - Martin St. Louis (TBL)
3 - Teddy Purcell (TBL)

Power Play

Predators - 1 on 4 Attempt(s) - 25.00%
Lightning - 2 on 6 Attempt(s) - 33.33%

Penalty Kill

Predators - 4 on 6 Attempt(s) - 66.67% - Score 0 goal in Penalty Kill
Lightning - 3 on 4 Attempt(s) - 75.00% - Score 0 goal in Penalty Kill

Official

Referees : Marc Joannette and Mark Lemelin
Linesman : Steve Barton and Jonny Murray

Game Notes

Patrick Kane has scored a Hat Trick!
Dan Ellis enters game at 13:35 of 2nd period

Finance

Level 1 -- Attendance: 4863 (74.82%) -- Ticket Income $534,930
Level 2 -- Attendance: 3045 (60.90%) -- Ticket Income $289,275
Level 3 -- Attendance: 2084 (59.54%) -- Ticket Income $156,300
Level 4 -- Attendance: 2062 (54.87%) -- Ticket Income $92,790
Luxury Box -- Attendance: 522 (52.20%) -- Ticket Income $187,920
Game was played at the St.Pete Times Forum
Total Attendance: 12576 (63.65%)
Total Ticket Income: $1,261,215
Other Income: $189,182
Total Income: $1,450,397


% Time on Ice - Predators

Lines # - Real PCT - Wanted PCT - Time Play
Normal Forward
1 - 33% - 38% - 12:43
2 - 32% - 34% - 12:19
3 - 24% - 26% - 9:23
4 - 11% - 2% - 4:19
Normal Defense
1 - 36% - 35% - 13:58
2 - 31% - 32% - 12:10
3 - 30% - 27% - 11:42
4 - 2% - 6% - 0:54
PP Forward
1 - 51% - 60% - 3:13
2 - 49% - 40% - 3:03
PP Defense
1 - 53% - 60% - 3:20
2 - 47% - 40% - 2:56
PK Forward
1 - 83% - 60% - 7:28
2 - 17% - 40% - 1:35
PK Defense
1 - 45% - 60% - 4:04
2 - 55% - 40% - 4:59
PK3 Forward
1 - 0% - 60%
2 - 0% - 40%
PK3 Defense
1 - 0% - 60%
2 - 0% - 40%
44 Forward
1 - 69% - 60% - 4:05
2 - 31% - 40% - 1:52
44 Defense
1 - 58% - 60% - 3:28
2 - 42% - 40% - 2:29
Last Minute Offensive  - 0:00
Last Minute Defensive  - 0:00
Total
Forward - 60:00
Defense - 60:00

% Time on Ice - Lightning

Lines # - Real PCT - Wanted PCT - Time Play
Normal Forward
1 - 34% - 40% - 13:06
2 - 29% - 32% - 11:14
3 - 29% - 20% - 11:18
4 - 8% - 8% - 3:06
Normal Defense
1 - 35% - 40% - 13:45
2 - 26% - 30% - 10:15
3 - 12% - 20% - 4:33
4 - 26% - 10% - 10:11
PP Forward
1 - 48% - 60% - 4:20
2 - 52% - 40% - 4:43
PP Defense
1 - 63% - 60% - 5:43
2 - 37% - 40% - 3:20
PK Forward
1 - 66% - 60% - 4:09
2 - 34% - 40% - 2:07
PK Defense
1 - 62% - 60% - 3:54
2 - 38% - 40% - 2:22
PK3 Forward
1 - 0% - 60%
2 - 0% - 40%
PK3 Defense
1 - 0% - 60%
2 - 0% - 40%
44 Forward
1 - 72% - 60% - 4:16
2 - 28% - 40% - 1:41
44 Defense
1 - 56% - 60% - 3:20
2 - 44% - 40% - 2:37
Last Minute Offensive  - 0:00
Last Minute Defensive  - 0:00
Total
Forward - 60:00
Defense - 60:00

Play by Play

1st period


0:01 of 1st period - Steven Stamkos wins face-off versus Matt Frattin in neutral zone.
0:31 of 1st period - Shot by Shea Weber.
0:31 of 1st period - Shot Blocked by Andrej Meszaros.
0:33 of 1st period - Shot by Max Pacioretty.
0:33 of 1st period - Stopped by Jaroslav Halak without a rebound.
0:34 of 1st period - Eric Fehr wins face-off versus Nicklas Backstrom in Lightning zone.
0:59 of 1st period - Shot by Marian Gaborik.
0:59 of 1st period - Stopped by Jaroslav Halak without a rebound.
0:59 of 1st period - Minor Penalty to Luca Sbisa for Hooking.
1:00 of 1st period - Max Pacioretty wins face-off versus Teemu Selanne in Lightning zone.
1:12 of 1st period - Off-side.
1:13 of 1st period - Steven Stamkos wins face-off versus Teemu Selanne in neutral zone.
1:16 of 1st period - Shot by Patric Hornqvist.
1:16 of 1st period - Shot Blocked by Andrej Sekera.
1:18 of 1st period - Shot by Cody Franson.
1:18 of 1st period - Goal by Cody Franson - Predators : 1 - Lightning : 0.
1:19 of 1st period - Tuomo Ruutu wins face-off versus Nick Spaling in neutral zone.
1:57 of 1st period - Icing by Andrej Sekera.
1:58 of 1st period - Mike Knuble wins face-off versus Nicklas Backstrom in Lightning zone.
2:29 of 1st period - Cody Franson is hit by Nick Spaling and loses puck.
3:25 of 1st period - Shot by Steven Stamkos.
3:25 of 1st period - Deflect By Wayne Simmonds.
3:25 of 1st period - Goal by Wayne Simmonds - Predators : 2 - Lightning : 0.
3:26 of 1st period - Eric Fehr wins face-off versus Tuomo Ruutu in neutral zone.
3:26 of 1st period - Teddy Purcell is hit by Brandon Prust and loses puck.
3:33 of 1st period - Shot by T.J. Oshie.
3:33 of 1st period - Stopped by Jaroslav Halak with a rebound.
3:55 of 1st period - Jordan Leopold is hit by Eric Fehr and loses puck.
4:04 of 1st period - Shot by T.J. Oshie.
4:04 of 1st period - Stopped by Jaroslav Halak with a rebound.
4:16 of 1st period - Minor Penalty to Tyson Strachan for Hooking.
4:16 of 1st period - Minor Penalty to Brandon Prust for Interference.
4:17 of 1st period - Steven Stamkos wins face-off versus Teddy Purcell in Lightning zone.
4:23 of 1st period - Teddy Purcell is hit by Shea Weber and loses puck.
4:55 of 1st period - Off-side.
4:56 of 1st period - Nicklas Backstrom wins face-off versus Teemu Selanne in neutral zone.
5:02 of 1st period - Cody Franson is hit by Luca Sbisa and loses puck.
5:17 of 1st period - Nicklas Backstrom is hit by Luca Sbisa and loses puck.
5:40 of 1st period - Shot by Max Pacioretty.
5:40 of 1st period - Stopped by Jaroslav Halak without a rebound.
5:41 of 1st period - Steven Stamkos wins face-off versus Teddy Purcell in Lightning zone.
6:08 of 1st period - Shot by Patrick Kane.
6:08 of 1st period - Goal by Patrick Kane - Predators : 2 - Lightning : 1.
6:09 of 1st period - Martin St. Louis wins face-off versus Steven Stamkos in neutral zone.
6:31 of 1st period - Shot by T.J. Oshie.
6:31 of 1st period - Stopped by Jaroslav Halak without a rebound.
6:32 of 1st period - Steven Stamkos wins face-off versus Nick Spaling in Lightning zone.
6:49 of 1st period - Shot by Mike Knuble.
6:49 of 1st period - Shot Misses the Net.
6:57 of 1st period - Shot by Wayne Simmonds.
6:57 of 1st period - Shot Blocked by Brent Seabrook.
7:12 of 1st period - Icing by Brooks Laich.
7:13 of 1st period - Mike Knuble wins face-off versus Marian Gaborik in Lightning zone.
7:29 of 1st period - Icing by Shea Weber.
7:30 of 1st period - Matt Frattin wins face-off versus Nicklas Backstrom in Predators zone.
7:35 of 1st period - Shot by Patrick Kane.
7:35 of 1st period - Shot Blocked by Jeff Petry.
7:42 of 1st period - Martin St. Louis is hit by Jeff Petry and loses puck.
7:47 of 1st period - Shot by Patrick Kane.
7:47 of 1st period - Goal by Patrick Kane - Predators : 2 - Lightning : 2.
7:48 of 1st period - Steven Stamkos wins face-off versus Eric Fehr in neutral zone.
8:15 of 1st period - Shot by Wayne Simmonds.
8:15 of 1st period - Stopped by Jaroslav Halak with a rebound.
9:09 of 1st period - Shot by Martin St. Louis.
9:09 of 1st period - Shot Misses the Net.
9:21 of 1st period - Shot by Patrick Kane.
9:21 of 1st period - Shot Misses the Net.
9:23 of 1st period - Shot by Andrej Sekera.
9:23 of 1st period - Stopped by Pekka Rinne without a rebound.
9:24 of 1st period - Tuomo Ruutu wins face-off versus Nick Spaling in Predators zone.
9:24 of 1st period - Tuomo Ruutu is hit by Brooks Laich.
9:25 of 1st period - Minor Penalty to Mike Knuble for High sticking.
9:26 of 1st period - Teddy Purcell wins face-off versus Nicklas Backstrom in Lightning zone.
9:26 of 1st period - Teddy Purcell is hit by Brandon Prust.
9:47 of 1st period - Shot by Max Pacioretty.
9:47 of 1st period - Stopped by Jaroslav Halak with a rebound.
9:49 of 1st period - Shot by Cody Franson.
9:49 of 1st period - Shot Misses the Net.
10:57 of 1st period - Shot by Nicklas Backstrom.
10:57 of 1st period - Stopped by Jaroslav Halak without a rebound.
10:58 of 1st period - Nicklas Backstrom wins face-off versus Teemu Selanne in Lightning zone.
11:18 of 1st period - Cody Franson is hit by Brent Seabrook.
11:27 of 1st period - Steven Stamkos is hit by Eric Fehr and loses puck.
11:36 of 1st period - Shot by Jordan Nolan.
11:36 of 1st period - Deflect By Steven Stamkos.
11:36 of 1st period - Shot Misses the Net.
12:12 of 1st period - Jordan Nolan is hit by Brooks Laich and loses puck.
12:30 of 1st period - Nick Spaling is hit by Roman Polak and loses puck.
12:32 of 1st period - Minor Penalty to Roman Polak for Hooking.
12:33 of 1st period - Matt Frattin wins face-off versus Brandon Prust in Predators zone.
12:36 of 1st period - Shot by Martin St. Louis.
12:36 of 1st period - Stopped by Pekka Rinne without a rebound.
12:37 of 1st period - Eric Fehr wins face-off versus Tuomo Ruutu in Predators zone.
13:09 of 1st period - Shot by Brent Seabrook.
13:09 of 1st period - Stopped by Pekka Rinne without a rebound.
13:10 of 1st period - Steven Stamkos wins face-off versus Matt Frattin in Predators zone.
13:24 of 1st period - Shot by Patrick Kane.
13:24 of 1st period - Shot Misses the Net.
13:26 of 1st period - Shot by Martin St. Louis.
13:26 of 1st period - Shot Blocked by Zbynek Michalek.
13:28 of 1st period - Shot by Martin St. Louis.
13:28 of 1st period - Shot Misses the Net.
13:30 of 1st period - Shot by Patrick Kane.
13:30 of 1st period - Deflect By Martin St. Louis.
13:30 of 1st period - Stopped by Pekka Rinne without a rebound.
13:31 of 1st period - Eric Fehr wins face-off versus Tuomo Ruutu in Predators zone.
13:38 of 1st period - Shot by Teddy Purcell.
13:38 of 1st period - Stopped by Pekka Rinne with a rebound.
13:46 of 1st period - Shot by Teemu Selanne.
13:46 of 1st period - Stopped by Pekka Rinne with a rebound.
13:48 of 1st period - Shot by Eric Fehr.
13:48 of 1st period - Goal by Eric Fehr - Predators : 2 - Lightning : 3.
13:49 of 1st period - Matt Frattin wins face-off versus Jordan Nolan in neutral zone.
14:16 of 1st period - Shot by Matt Frattin.
14:16 of 1st period - Deflect By Martin St. Louis.
14:16 of 1st period - Stopped by Pekka Rinne without a rebound.
14:17 of 1st period - Patric Hornqvist wins face-off versus Eric Fehr in Predators zone.
14:17 of 1st period - Patric Hornqvist is hit by Teemu Selanne.
14:29 of 1st period - Shot by Marian Gaborik.
14:29 of 1st period - Shot Misses the Net.
14:43 of 1st period - Shot by Teddy Purcell.
14:43 of 1st period - Shot Blocked by Marian Gaborik.
14:45 of 1st period - Shot by Teddy Purcell.
14:45 of 1st period - Shot Misses the Net.
14:57 of 1st period - Shot by Teemu Selanne.
14:57 of 1st period - Shot Blocked by Jordan Leopold.
14:59 of 1st period - Shot by Eric Fehr.
14:59 of 1st period - Shot Misses the Net.
15:06 of 1st period - Icing by Jordan Leopold.
15:07 of 1st period - Matt Frattin wins face-off versus Nicklas Backstrom in Predators zone.
15:11 of 1st period - Minor Penalty to Roman Polak for Tripping.
15:12 of 1st period - Steven Stamkos wins face-off versus Matt Frattin in Predators zone.
15:40 of 1st period - Icing by Patrick Kane.
15:41 of 1st period - Steven Stamkos wins face-off versus Matt Frattin in Lightning zone.
15:48 of 1st period - Shot by Steven Stamkos.
15:48 of 1st period - Shot Misses the Net.
15:55 of 1st period - Icing by Patrick Kane.
15:56 of 1st period - Steven Stamkos wins face-off versus Patrick Kane in Lightning zone.
16:01 of 1st period - Shot by Steven Stamkos.
16:01 of 1st period - Shot Blocked by Luca Sbisa.
16:07 of 1st period - Shot by Martin St. Louis.
16:07 of 1st period - Shot Misses the Net.
16:09 of 1st period - Shot by Martin St. Louis.
16:09 of 1st period - Stopped by Pekka Rinne with a rebound.
16:59 of 1st period - Shot by Andrej Sekera.
16:59 of 1st period - Shot Misses the Net.
17:12 of 1st period - Minor Penalty to Tyson Strachan for Tripping.
17:13 of 1st period - Martin St. Louis wins face-off versus Jordan Nolan in Lightning zone.
17:22 of 1st period - Shot by Patric Hornqvist.
17:22 of 1st period - Shot Misses the Net.
17:24 of 1st period - Shot by Marian Gaborik.
17:24 of 1st period - Stopped by Jaroslav Halak without a rebound.
17:25 of 1st period - Steven Stamkos wins face-off versus Teemu Selanne in Lightning zone.
17:36 of 1st period - Shot by Steven Stamkos.
17:36 of 1st period - Stopped by Jaroslav Halak without a rebound.
17:37 of 1st period - Nicklas Backstrom wins face-off versus Teemu Selanne in Lightning zone.
17:44 of 1st period - Shot by Max Pacioretty.
17:44 of 1st period - Shot Misses the Net.
17:46 of 1st period - Shot by Jeff Petry.
17:46 of 1st period - Stopped by Jaroslav Halak without a rebound.
17:47 of 1st period - Teemu Selanne wins face-off versus Steven Stamkos in Lightning zone.
17:55 of 1st period - Off-side.
17:56 of 1st period - Teemu Selanne wins face-off versus Nicklas Backstrom in neutral zone.
17:59 of 1st period - Shea Weber is hit by Teemu Selanne and loses puck.
18:05 of 1st period - Icing by Brandon Prust.
18:06 of 1st period - Teemu Selanne wins face-off versus Nicklas Backstrom in Predators zone.
18:07 of 1st period - Shot by Teddy Purcell.
18:07 of 1st period - Stopped by Pekka Rinne without a rebound.
18:08 of 1st period - Teemu Selanne wins face-off versus Steven Stamkos in Predators zone.
18:33 of 1st period - Shot by Shea Weber.
18:33 of 1st period - Stopped by Jaroslav Halak without a rebound.
18:34 of 1st period - Martin St. Louis wins face-off versus Nicklas Backstrom in Lightning zone.
18:45 of 1st period - Shot by Patric Hornqvist.
18:45 of 1st period - Shot Misses the Net.
18:47 of 1st period - Shot by Max Pacioretty.
18:47 of 1st period - Shot Blocked by Luca Sbisa.
18:49 of 1st period - Shot by Cody Franson.
18:49 of 1st period - Shot Misses the Net.
18:55 of 1st period - Shot by Nicklas Backstrom.
18:55 of 1st period - Shot Blocked by Teemu Selanne.
18:57 of 1st period - Shot by Brandon Prust.
18:57 of 1st period - Shot Blocked by Andrej Sekera.
18:59 of 1st period - Shot by Nicklas Backstrom.
18:59 of 1st period - Stopped by Jaroslav Halak with a rebound.
19:01 of 1st period - Shot by Brandon Prust.
19:01 of 1st period - Shot Blocked by Luca Sbisa.
19:03 of 1st period - Shot by Cody Franson.
19:03 of 1st period - Stopped by Jaroslav Halak without a rebound.
19:04 of 1st period - Steven Stamkos wins face-off versus Martin St. Louis in Lightning zone.
19:43 of 1st period - Icing by Jordan Leopold.
19:44 of 1st period - Steven Stamkos wins face-off versus Matt Frattin in Predators zone.
19:56 of 1st period - Shot by Martin St. Louis.
19:56 of 1st period - Stopped by Pekka Rinne without a rebound.
19:57 of 1st period - Eric Fehr wins face-off versus Tuomo Ruutu in Predators zone.
Goals for this period are 2 for Predators vs 3 for Lightning.
Shots for this period are 17 for Predators vs 13 for Lightning.

2nd period


0:01 of 2nd period - Matt Frattin wins face-off versus Steven Stamkos in neutral zone.
0:50 of 2nd period - Brent Seabrook is hit by Wayne Simmonds and loses puck.
1:11 of 2nd period - Shot by Luca Sbisa.
1:11 of 2nd period - Stopped by Pekka Rinne without a rebound.
1:12 of 2nd period - Tuomo Ruutu wins face-off versus Nick Spaling in Predators zone.
1:25 of 2nd period - Shot by T.J. Oshie.
1:25 of 2nd period - Shot Misses the Net.
2:15 of 2nd period - Tim Gleason is hit by Patric Hornqvist and loses puck.
2:40 of 2nd period - Shot by Nicklas Backstrom.
2:40 of 2nd period - Stopped by Jaroslav Halak without a rebound.
2:41 of 2nd period - Matt Frattin wins face-off versus Jordan Nolan in Lightning zone.
2:41 of 2nd period - Minor Penalty to Ben Eager for Roughing.
2:42 of 2nd period - Matt Frattin wins face-off versus Steven Stamkos in Predators zone.
2:45 of 2nd period - Shot by Patrick Kane.
2:45 of 2nd period - Stopped by Pekka Rinne with a rebound.
2:47 of 2nd period - Shot by Matt Frattin.
2:47 of 2nd period - Shot Blocked by Zbynek Michalek.
2:49 of 2nd period - Shot by Luca Sbisa.
2:49 of 2nd period - Shot Blocked by Zbynek Michalek.
4:20 of 2nd period - Icing by Andrej Sekera.
4:21 of 2nd period - Steven Stamkos wins face-off versus Eric Fehr in Lightning zone.
4:44 of 2nd period - Shot by Patrick Kane.
4:44 of 2nd period - Shot Misses the Net.
5:50 of 2nd period - Shot by Nick Spaling.
5:50 of 2nd period - Stopped by Pekka Rinne without a rebound.
5:51 of 2nd period - Nick Spaling wins face-off versus Tuomo Ruutu in Predators zone.
6:10 of 2nd period - Shot by T.J. Oshie.
6:10 of 2nd period - Stopped by Jaroslav Halak without a rebound.
6:11 of 2nd period - Nicklas Backstrom wins face-off versus Eric Fehr in Lightning zone.
6:26 of 2nd period - Icing by Luca Sbisa.
6:27 of 2nd period - Steven Stamkos wins face-off versus Eric Fehr in Lightning zone.
6:27 of 2nd period - Max Pacioretty is hit by Luca Sbisa and loses puck.
6:33 of 2nd period - Icing by Andrej Sekera.
6:34 of 2nd period - Steven Stamkos wins face-off versus Eric Fehr in Lightning zone.
6:57 of 2nd period - Shot by Zbynek Michalek.
6:57 of 2nd period - Shot Blocked by Andrej Sekera.
7:08 of 2nd period - Icing by Cody Franson.
7:09 of 2nd period - Matt Frattin wins face-off versus Steven Stamkos in Predators zone.
7:29 of 2nd period - Icing by Brent Seabrook.
7:30 of 2nd period - Matt Frattin wins face-off versus Marian Gaborik in Lightning zone.
7:37 of 2nd period - Icing by Brent Seabrook.
7:38 of 2nd period - Matt Frattin wins face-off versus Nicklas Backstrom in Lightning zone.
7:38 of 2nd period - Matt Frattin is hit by Patric Hornqvist.
8:10 of 2nd period - Shot by Martin St. Louis.
8:10 of 2nd period - Stopped by Pekka Rinne with a rebound.
8:12 of 2nd period - Shot by Patrick Kane.
8:12 of 2nd period - Stopped by Pekka Rinne without a rebound.
8:13 of 2nd period - Eric Fehr wins face-off versus Steven Stamkos in Predators zone.
8:16 of 2nd period - Shot by Teemu Selanne.
8:16 of 2nd period - Shot Blocked by Zbynek Michalek.
8:30 of 2nd period - Shot by Teddy Purcell.
8:30 of 2nd period - Shot Misses the Net.
8:45 of 2nd period - Shot by Teddy Purcell.
8:45 of 2nd period - Deflect By Teemu Selanne.
8:45 of 2nd period - Stopped by Pekka Rinne with a rebound.
9:15 of 2nd period - Shot by Nick Spaling.
9:15 of 2nd period - Stopped by Pekka Rinne without a rebound.
9:16 of 2nd period - Matt Frattin wins face-off versus Tuomo Ruutu in Predators zone.
9:17 of 2nd period - Shot by Patrick Kane.
9:17 of 2nd period - Stopped by Pekka Rinne without a rebound.
9:18 of 2nd period - Tuomo Ruutu wins face-off versus Matt Frattin in Predators zone.
9:52 of 2nd period - Icing by T.J. Oshie.
9:53 of 2nd period - Eric Fehr wins face-off versus Tuomo Ruutu in Predators zone.
9:53 of 2nd period - Eric Fehr is hit by Shea Weber.
9:56 of 2nd period - Teddy Purcell is hit by Shea Weber and loses puck.
10:11 of 2nd period - Shot by T.J. Oshie.
10:11 of 2nd period - Shot Blocked by Andrej Sekera.
11:15 of 2nd period - Shot by Martin St. Louis.
11:15 of 2nd period - Goal by Martin St. Louis - Predators : 2 - Lightning : 4.
11:16 of 2nd period - Steven Stamkos wins face-off versus Martin St. Louis in neutral zone.
11:16 of 2nd period - Steven Stamkos is hit by Matt Frattin.
11:21 of 2nd period - Steven Stamkos is hit by Brent Seabrook and loses puck.
11:26 of 2nd period - Shot by Steven Stamkos.
11:26 of 2nd period - Stopped by Jaroslav Halak without a rebound.
11:27 of 2nd period - Tuomo Ruutu wins face-off versus Matt Frattin in Lightning zone.
11:32 of 2nd period - Shot by Brandon Prust.
11:32 of 2nd period - Stopped by Jaroslav Halak with a rebound.
11:49 of 2nd period - Matt Frattin is hit by Shea Weber and loses puck.
11:58 of 2nd period - Shot by Brent Seabrook.
11:58 of 2nd period - Stopped by Pekka Rinne without a rebound.
11:59 of 2nd period - Brooks Laich wins face-off versus Wayne Simmonds in Predators zone.
12:43 of 2nd period - Shot by Max Pacioretty.
12:43 of 2nd period - Stopped by Jaroslav Halak with a rebound.
13:35 of 2nd period - Shot by Patrick Kane.
13:35 of 2nd period - Goal by Patrick Kane - Predators : 2 - Lightning : 5.
13:35 of 2nd period - Dan Ellis enters game.
13:36 of 2nd period - Eric Fehr wins face-off versus Tuomo Ruutu in neutral zone.
13:48 of 2nd period - Teddy Purcell is hit by Roman Polak and loses puck.
14:16 of 2nd period - Minor Penalty to Teddy Purcell for Hooking.
14:16 of 2nd period - Minor Penalty to Roman Polak for Hooking.
14:17 of 2nd period - Steven Stamkos wins face-off versus Martin St. Louis in Predators zone.
14:17 of 2nd period - Steven Stamkos is hit by Martin St. Louis.
14:23 of 2nd period - Shot by Marian Gaborik.
14:23 of 2nd period - Stopped by Jaroslav Halak without a rebound.
14:24 of 2nd period - Teemu Selanne wins face-off versus Steven Stamkos in Lightning zone.
14:24 of 2nd period - Teemu Selanne is hit by Steven Stamkos.
15:03 of 2nd period - Shot by Steven Stamkos.
15:03 of 2nd period - Stopped by Jaroslav Halak without a rebound.
15:04 of 2nd period - Steven Stamkos wins face-off versus Martin St. Louis in Lightning zone.
15:05 of 2nd period - Shot by Cody Franson.
15:05 of 2nd period - Stopped by Jaroslav Halak without a rebound.
15:06 of 2nd period - Martin St. Louis wins face-off versus Steven Stamkos in Lightning zone.
15:06 of 2nd period - Martin St. Louis is hit by Steven Stamkos.
15:40 of 2nd period - Shot by Martin St. Louis.
15:40 of 2nd period - Shot Blocked by Zbynek Michalek.
15:42 of 2nd period - Shot by Luca Sbisa.
15:42 of 2nd period - Stopped by Dan Ellis without a rebound.
15:43 of 2nd period - Nicklas Backstrom wins face-off versus Teemu Selanne in Predators zone.
15:50 of 2nd period - Shot by Max Pacioretty.
15:50 of 2nd period - Stopped by Jaroslav Halak without a rebound.
15:51 of 2nd period - Teemu Selanne wins face-off versus Steven Stamkos in Lightning zone.
15:55 of 2nd period - Icing by Teemu Selanne.
15:56 of 2nd period - Steven Stamkos wins face-off versus Teemu Selanne in Lightning zone.
16:09 of 2nd period - Shot by Jeff Petry.
16:09 of 2nd period - Stopped by Jaroslav Halak without a rebound.
16:10 of 2nd period - Steven Stamkos wins face-off versus Teemu Selanne in Lightning zone.
16:50 of 2nd period - Shot by Matt Frattin.
16:50 of 2nd period - Shot Misses the Net.
17:14 of 2nd period - Minor Penalty to Ben Eager for Boarding.
17:15 of 2nd period - Steven Stamkos wins face-off versus Patrick Kane in Predators zone.
17:22 of 2nd period - Icing by Luca Sbisa.
17:23 of 2nd period - Steven Stamkos wins face-off versus Martin St. Louis in Lightning zone.
17:54 of 2nd period - Shot by Andrej Sekera.
17:54 of 2nd period - Shot Misses the Net.
18:06 of 2nd period - Shot by Luca Sbisa.
18:06 of 2nd period - Shot Blocked by Brian Strait.
18:08 of 2nd period - Shot by Martin St. Louis.
18:08 of 2nd period - Shot Blocked by Brian Strait.
18:19 of 2nd period - Icing by Teddy Purcell.
18:20 of 2nd period - Eric Fehr wins face-off versus Steven Stamkos in Lightning zone.
19:30 of 2nd period - Shot by Nick Spaling.
19:30 of 2nd period - Stopped by Dan Ellis without a rebound.
19:31 of 2nd period - Nicklas Backstrom wins face-off versus Matt Frattin in Predators zone.
19:31 of 2nd period - Nicklas Backstrom is hit by Matt Frattin.
19:45 of 2nd period - Shot by Shea Weber.
19:45 of 2nd period - Shot Blocked by Andrej Sekera.
19:47 of 2nd period - Shot by Nicklas Backstrom.
19:47 of 2nd period - Stopped by Jaroslav Halak without a rebound.
19:48 of 2nd period - Jordan Nolan wins face-off versus Nick Spaling in Lightning zone.
19:49 of 2nd period - Shot by Max Pacioretty.
19:49 of 2nd period - Stopped by Jaroslav Halak without a rebound.
19:50 of 2nd period - Nicklas Backstrom wins face-off versus Eric Fehr in Lightning zone.
Goals for this period are 0 for Predators vs 2 for Lightning.
Shots for this period are 12 for Predators vs 13 for Lightning.

3rd period


0:01 of 3rd period - Steven Stamkos wins face-off versus Matt Frattin in neutral zone.
0:14 of 3rd period - Andrej Meszaros is hit by Zbynek Michalek and loses puck.
0:25 of 3rd period - Shot by Steven Stamkos.
0:25 of 3rd period - Shot Misses the Net.
1:11 of 3rd period - Shot by Teddy Purcell.
1:11 of 3rd period - Goal by Teddy Purcell - Predators : 2 - Lightning : 6.
1:12 of 3rd period - Tuomo Ruutu wins face-off versus Nick Spaling in neutral zone.
1:40 of 3rd period - Icing by T.J. Oshie.
1:41 of 3rd period - Tuomo Ruutu wins face-off versus Eric Fehr in Predators zone.
2:02 of 3rd period - Shot by Eric Fehr.
2:02 of 3rd period - Stopped by Dan Ellis without a rebound.
2:03 of 3rd period - Matt Frattin wins face-off versus Nicklas Backstrom in Predators zone.
2:06 of 3rd period - Shot by Patrick Kane.
2:06 of 3rd period - Stopped by Dan Ellis with a rebound.
2:22 of 3rd period - Shot by Nicklas Backstrom.
2:22 of 3rd period - Stopped by Jaroslav Halak without a rebound.
2:23 of 3rd period - Steven Stamkos wins face-off versus Eric Fehr in Lightning zone.
2:40 of 3rd period - Shot by Max Pacioretty.
2:40 of 3rd period - Shot Blocked by Eric Fehr.
3:02 of 3rd period - Icing by Luca Sbisa.
3:03 of 3rd period - Nicklas Backstrom wins face-off versus Eric Fehr in Lightning zone.
3:06 of 3rd period - Shot by Marian Gaborik.
3:06 of 3rd period - Deflect By Nicklas Backstrom.
3:06 of 3rd period - Stopped by Jaroslav Halak with a rebound.
3:08 of 3rd period - Shot by Nicklas Backstrom.
3:08 of 3rd period - Stopped by Jaroslav Halak with a rebound.
3:10 of 3rd period - Shot by Nicklas Backstrom.
3:10 of 3rd period - Deflect By Patric Hornqvist.
3:10 of 3rd period - Shot Misses the Net.
3:17 of 3rd period - Icing by Andrej Sekera.
3:18 of 3rd period - Tuomo Ruutu wins face-off versus Eric Fehr in Lightning zone.
3:22 of 3rd period - Icing by Teemu Selanne.
3:23 of 3rd period - Nicklas Backstrom wins face-off versus Eric Fehr in Lightning zone.
3:33 of 3rd period - Patric Hornqvist is hit by Luca Sbisa.
3:38 of 3rd period - Nicklas Backstrom is hit by Luca Sbisa and loses puck.
3:57 of 3rd period - Shot by Marian Gaborik.
3:57 of 3rd period - Shot Misses the Net.
3:59 of 3rd period - Shot by Nicklas Backstrom.
3:59 of 3rd period - Stopped by Jaroslav Halak without a rebound.
4:00 of 3rd period - Steven Stamkos wins face-off versus Matt Frattin in Lightning zone.
4:25 of 3rd period - Shot by Max Pacioretty.
4:25 of 3rd period - Stopped by Jaroslav Halak with a rebound.
4:38 of 3rd period - Shot by Matt Frattin.
4:38 of 3rd period - Shot Misses the Net.
4:40 of 3rd period - Shot by Brent Seabrook.
4:40 of 3rd period - Shot Blocked by Zbynek Michalek.
4:53 of 3rd period - Minor Penalty to Brooks Laich for Holding.
4:53 of 3rd period - Minor Penalty to Zbynek Michalek for Holding.
4:54 of 3rd period - Steven Stamkos wins face-off versus Teddy Purcell in Predators zone.
5:56 of 3rd period - Shot by Martin St. Louis.
5:56 of 3rd period - Shot Misses the Net.
6:07 of 3rd period - Icing by Cody Franson.
6:08 of 3rd period - Teddy Purcell wins face-off versus Nicklas Backstrom in Predators zone.
6:34 of 3rd period - Icing by Nicklas Backstrom.
6:35 of 3rd period - Teemu Selanne wins face-off versus Nicklas Backstrom in Predators zone.
6:36 of 3rd period - Shot by Martin St. Louis.
6:36 of 3rd period - Shot Misses the Net.
6:38 of 3rd period - Shot by Martin St. Louis.
6:38 of 3rd period - Stopped by Dan Ellis without a rebound.
6:39 of 3rd period - Teddy Purcell wins face-off versus Steven Stamkos in Predators zone.
6:42 of 3rd period - Shot by Teddy Purcell.
6:42 of 3rd period - Stopped by Dan Ellis without a rebound.
6:43 of 3rd period - Steven Stamkos wins face-off versus Teemu Selanne in Predators zone.
6:43 of 3rd period - Steven Stamkos is hit by Teemu Selanne.
7:29 of 3rd period - Shot by David Van Der Gulik.
7:29 of 3rd period - Shot Blocked by Roman Polak.
7:38 of 3rd period - Jordan Leopold is hit by John Erskine and loses puck.
7:39 of 3rd period - Minor Penalty to John Erskine for Cross-checking.
7:40 of 3rd period - Teemu Selanne wins face-off versus Steven Stamkos in Lightning zone.
7:51 of 3rd period - Shot by Shea Weber.
7:51 of 3rd period - Stopped by Jaroslav Halak with a rebound.
7:59 of 3rd period - Shot by Teddy Purcell.
7:59 of 3rd period - Stopped by Dan Ellis with a rebound.
8:46 of 3rd period - Icing by Max Pacioretty.
8:47 of 3rd period - Teemu Selanne wins face-off versus Nicklas Backstrom in Predators zone.
8:56 of 3rd period - Nicklas Backstrom is hit by Teemu Selanne and loses puck.
10:02 of 3rd period - Shot by Matt Frattin.
10:02 of 3rd period - Stopped by Dan Ellis without a rebound.
10:03 of 3rd period - Nicklas Backstrom wins face-off versus Brooks Laich in Predators zone.
10:18 of 3rd period - Shot by Nick Spaling.
10:18 of 3rd period - Stopped by Dan Ellis without a rebound.
10:19 of 3rd period - Matt Frattin wins face-off versus Steven Stamkos in Predators zone.
10:54 of 3rd period - Shot by Martin St. Louis.
10:54 of 3rd period - Stopped by Dan Ellis without a rebound.
10:55 of 3rd period - Eric Fehr wins face-off versus Nicklas Backstrom in Predators zone.
10:55 of 3rd period - Teemu Selanne is hit by Jeff Petry.
11:07 of 3rd period - Shot by Patric Hornqvist.
11:07 of 3rd period - Shot Misses the Net.
11:09 of 3rd period - Shot by Nicklas Backstrom.
11:09 of 3rd period - Deflect By Patric Hornqvist.
11:09 of 3rd period - Shot Misses the Net.
11:15 of 3rd period - Shot by Shea Weber.
11:15 of 3rd period - Stopped by Jaroslav Halak with a rebound.
11:17 of 3rd period - Shot by Nicklas Backstrom.
11:17 of 3rd period - Stopped by Jaroslav Halak without a rebound.
11:18 of 3rd period - Nick Spaling wins face-off versus Tuomo Ruutu in Lightning zone.
11:18 of 3rd period - Nick Spaling is hit by Tuomo Ruutu.
11:19 of 3rd period - Minor Penalty to Brandon Prust for Slashing.
11:20 of 3rd period - Matt Frattin wins face-off versus Steven Stamkos in Predators zone.
11:25 of 3rd period - Shot by Patrick Kane.
11:25 of 3rd period - Shot Misses the Net.
12:15 of 3rd period - Shot by Steven Stamkos.
12:15 of 3rd period - Shot Blocked by Andrej Sekera.
12:17 of 3rd period - Shot by Steven Stamkos.
12:17 of 3rd period - Shot Misses the Net.
12:19 of 3rd period - Shot by Steven Stamkos.
12:19 of 3rd period - Stopped by Jaroslav Halak without a rebound.
12:20 of 3rd period - Eric Fehr wins face-off versus Jordan Nolan in Lightning zone.
12:43 of 3rd period - Shot by Teddy Purcell.
12:43 of 3rd period - Goal by Teddy Purcell - Predators : 2 - Lightning : 7.
12:44 of 3rd period - Nick Spaling wins face-off versus Nicklas Backstrom in neutral zone.
13:17 of 3rd period - Shot by Marian Gaborik.
13:17 of 3rd period - Shot Misses the Net.
13:21 of 3rd period - Shot by Nicklas Backstrom.
13:21 of 3rd period - Stopped by Jaroslav Halak without a rebound.
13:22 of 3rd period - Jordan Nolan wins face-off versus Matt Frattin in Lightning zone.
14:37 of 3rd period - Shot by Tuomo Ruutu.
14:37 of 3rd period - Shot Misses the Net.
14:49 of 3rd period - Shot by Teddy Purcell.
14:49 of 3rd period - Stopped by Dan Ellis without a rebound.
14:50 of 3rd period - Nicklas Backstrom wins face-off versus Nick Spaling in Predators zone.
17:59 of 3rd period - Icing by Andrej Meszaros.
18:00 of 3rd period - Nicklas Backstrom wins face-off versus Matt Frattin in Lightning zone.
18:33 of 3rd period - Shot by Marian Gaborik.
18:33 of 3rd period - Shot Misses the Net.
18:45 of 3rd period - Shot by T.J. Oshie.
18:45 of 3rd period - Shot Misses the Net.
18:47 of 3rd period - Shot by T.J. Oshie.
18:47 of 3rd period - Deflect By Tuomo Ruutu.
18:47 of 3rd period - Goal by Tuomo Ruutu - Predators : 3 - Lightning : 7.
18:48 of 3rd period - Steven Stamkos wins face-off versus Nick Spaling in neutral zone.
19:17 of 3rd period - Shot by Mike Knuble.
19:17 of 3rd period - Stopped by Dan Ellis with a rebound.
19:33 of 3rd period - Minor Penalty to Wayne Simmonds for Hooking.
19:34 of 3rd period - Steven Stamkos wins face-off versus Eric Fehr in Predators zone.
19:48 of 3rd period - Shot by Andrej Sekera.
19:48 of 3rd period - Stopped by Dan Ellis without a rebound.
19:49 of 3rd period - Steven Stamkos wins face-off versus Eric Fehr in Predators zone.
Goals for this period are 1 for Predators vs 2 for Lightning.
Shots for this period are 11 for Predators vs 13 for Lightning.


Output by the SimonT Hockey Simulator (STHS) for Stephane Roy -- Original Page W3C XHTML 1.0 Valid
Hockey Simulator - Hockey Simulation - Hockey Manager